Wiaa, chaotic female elven Wizard ---------- |........| |........| ####### |........| ---.----- |........-####### |.......| |..<.....| # |.......| ---.------ ##-.......| ## --d------ # @ ### f # d # d -|---- . |....| |d |....| |> |....| |$ |....| --- ------ Wiaa the Evoker Experience level: 2 Strength: 10 Dexterity: 17 Constitution: 12 Intelligence: 17 Wisdom: 10 Charisma: 10 Health: 0(17) Energy: 18(18) Def: 2 Gold: 182 Moves: 1508 Dungeon seed: 2aA_AeTE7L3tQnuc Game ID: Wiaa_1676364656 Your Inventory: Weapons d - a blessed +1 quarterstaff (alternate weapon; not wielded) o - 8 uncursed poisoned +0 darts v - a blessed +0 orcish dagger x - an uncursed +0 dagger (weapon in hand) z - 7 uncursed +0 darts Armor e - an uncursed +0 cloak of magic resistance (being worn) y - an uncursed +0 orcish helm (being worn) Comestibles l - an uncursed food ration m - an uncursed lichen corpse q - 2 uncursed fortune cookies Scrolls p - an uncursed scroll of destroy armor Potions j - an uncursed potion of water r - a blessed potion of sleeping s - an uncursed potion of paralysis t - an uncursed potion of confusion w - an uncursed potion of fruit juice C - an uncursed potion of gain energy Rings D - an uncursed ring of shock immunity Wands b - an uncursed wand of striking (0:6) E - an uncursed wand of undead turning (0:5) Tools i - an uncursed leather drum k - an uncursed skeleton key u - an uncursed leather drum T - an uncursed blindfold Gems n - an uncursed worthless piece of violet glass Coins $ - 182 gold pieces Spells and supernatural/magical abilities: Name Level Category Cost Memory a - force bolt 1 attack 8pw 98% m - magic missile 2 attack 16pw 98% p - protection 1 clerical 12pw 98% B - cure blindness 2 healing 25pw 98% W - pray for help -- divine ? -- Your skills at the end: Fighting Skills wands [Basic] Weapon Skills quarterstaff [Basic] Spellcasting Skills attack spells [Basic] enchantment spells [Basic] Final Attributes: You were piously aligned. You were immune to sleep. You were magic resistant. You saw invisible. You had infravision. Anhur was noncommittal. You are dead. Vanquished creatures: a gas spore a giant rat a yellow mold a green mold a gnome a gecko 5 jackals a fox a goblin 4 grid bugs 6 lichens 9 newts 32 creatures vanquished. Voluntary challenges: You used a wielded weapon 30 times, starting on turn 41. You were illiterate. You never genocided any monsters. You never polymorphed an object. You never changed form. You used no wishes. You never split a pudding. You never wrote Elbereth's name. You never violated your personal moral code. Dungeon overview: The Dungeons of Doom: levels 1 to 4 Level 1 an altar to Thoth, some fountains a long staircase Level 2 a fountain Level 3 a fountain stairs to The Gnomish Mines Level 4 <- You were here a vault The Gnomish Mines: Level 4 stairs to The Dungeons of Doom History has recorded: On T:1 you entered the Dungeons of Doom to retrieve the Amulet of Yendor! On T:452 you reached level 2 of The Dungeons of Doom. On T:880 you reached level 3 of The Dungeons of Doom. On T:977 you reached level 1 of The Gnomish Mines. On T:1239 you advanced to experience level 2. On T:1411 you reached level 4 of The Dungeons of Doom. Score breakdown: Gold: 182 ( 7696 points) Experience: 2 levels ( 5570 points) Exploration: 4 levels ( 8.00%) ( 7423 points) Discoveries: 0 items ( 0.00%) ( 0 points) Valuables value: (no points given unless you survive) Artifact value: 0 ( 0 points) Variety of kills: 12 monsters ( 3.16%) ( 5331 points) Turncount: 1508 turns ( 0 points) Survival: died (score multiplied by 80%) Total score: 20816 Latest messages: You displace your large cat. This door is locked. You succeed in unlocking the door. You hear someone counting money. This level must be housing a vault. The door resists! (3x) The door opens. The werejackal hits! You hit the werejackal. The werejackal hits! You hit the werejackal. The werejackal changes into a jackal. The werejackal just misses! You miss the werejackal. The werejackal bites! You miss the werejackal. The werejackal bites! You hit the werejackal. The werejackal bites! You displace your large cat. You hear some noises nearby. The werejackal summons help! (2x) The jackal bites! You hear some noises nearby. The jackal bites! You die... Final status: Goodbye Wiaa the Wizard, killed by a jackal... You died in The Dungeons of Doom on dungeon level 4 with 20816 points, and 182 pieces of gold, after 1508 moves. You were level 2 with a maximum of 17 hit points when you died.